 Dungeon Crawl Stone Soup version 0.22.0-1-g6561e4c (webtiles) character file.

964 DrakeDragon the Vandal (level 8, -1/51 HPs)
             Began as a Halfling Air Elementalist on Aug 12, 2018.
             Slain by a sky beast (6 damage)
             ... on level 5 of the Dungeon.
             The game lasted 00:39:11 (8926 turns).

DrakeDragon the Vandal (Halfling Air Elementalist)  Turns: 8926, Time: 00:39:11

Health: -1/51      AC:  2    Str:  9    XL:     8   Next: 38%
Magic:  12/12      EV: 15    Int: 15    God:
Gold:   34         SH:  0    Dex: 15    Spells: 2/12 levels left

rFire    . . .     SeeInvis .   l - +0 hunting sling
rCold    . . .     Gourm    .   (shield restricted)
rNeg     . . .     Faith    .   a - +0 robe
rPois    +         Spirit   .   (no helmet)
rElec    .         Reflect  .   (no cloak)
rCorr    .         Harm     .   (no gloves)
MR       .....                  (no boots)
Stlth    ++........             (no amulet)
HPRegen  0.17/turn              d - ring of poison resistance
MPRegen  0.13/turn              (no ring)

@: about to teleport
A: small, mutation resistance 1
a: no special abilities


You were on level 5 of the Dungeon.
You were not hungry.

You visited 1 branch of the dungeon, and saw 6 of its levels.

You collected 184 gold pieces.
You spent 150 gold pieces at shops.

Inventory:

Hand Weapons
 l - a +0 hunting sling (weapon)
   (You took it off a goblin on level 2 of the Dungeon)
Missiles
 h - a throwing net {!f}
 j - 58 sling bullets (quivered)
 k - 105 stones
Armour
 a - a +0 robe (worn)
 m - a +0 leather armour
   (You found it on level 2 of the Dungeon)
Jewellery
 d - a ring of poison resistance (left hand)
   (You took it off an orc on level 4 of the Dungeon)
 p - a +5 ring of protection {unknown}
   (You found it on level 5 of the Dungeon)
Scrolls
 b - a scroll of identify {@r1}
 c - 4 scrolls of amnesia
 i - 2 scrolls of immolation {unknown}
 n - 3 scrolls of remove curse {@r2}
Potions
 f - a potion of cancellation
 g - a potion of mutation {!q}
 o - a potion of magic {unknown}
 q - 2 potions of heal wounds {@q2}
Comestibles
 e - 6 rations {!d}
 s - a chunk of flesh


   Skills:
 + Level 2.7 Fighting
 * Level 5.7 Slings
 - Level 2.1 Dodging
 - Level 2.1 Stealth
 + Level 2.8 Spellcasting
 + Level 2.7 Conjurations
 + Level 3.2 Charms
 * Level 5.5 Air Magic


You had 2 spell levels left.
You knew the following spells:

 Your Spells              Type           Power        Failure   Level  Hunger
a - Shock                 Conj/Air       ##..         3%          1    #......
b - Airstrike             Air            ###.......   22%         4    #####..
d - Static Discharge      Conj/Air       ##......     11%         3    ###....
s - Swiftness             Chrm/Air       ###.....     4%          2    ##.....

Your spell library contained the following spells:

 Spells                   Type           Power        Failure   Level  Hunger
 Lightning Bolt           Conj/Air       ##........   71%         5    ######.


Dungeon Overview and Level Annotations

Branches:
Dungeon (6/15)
 Temple: D:4-7

Altars:

Shops:
D:5 !

Annotations:
D:3 3 runed doors, HaroldButt's ghost, weakling GnWn
D:4 exclusion: downstairs
D:5 Eustachio


Innate Abilities, Weirdness & Mutations

You are small and have problems with some larger weapons.
You are somewhat resistant to further mutation.


Message History

The sling bullet hits the sky beast but does no damage.
Firing (i - inventory. (/) - cycle)
j - 63 sling bullets (quivered)
Aim: a sky beast (moderately wounded)
You shoot a sling bullet. The sling bullet hits the sky beast.
The sky beast completely misses you.
Firing (i - inventory. (/) - cycle)
j - 62 sling bullets (quivered)
Aim: a sky beast (moderately wounded)
You shoot a sling bullet.
The sling bullet closely misses the sky beast.
The sky beast flickers out of sight!
Deactivating autopickup; reactivate with Ctrl-A.
Something hits you. Something shocks you.
Firing (i - inventory. (/) - cycle)
j - 61 sling bullets (quivered)
You shoot a sling bullet. Something hits you. Something shocks you.
Firing (i - inventory. (/) - cycle)
j - 60 sling bullets (quivered)
You shoot a sling bullet. Something completely misses you.
Firing (i - inventory. (/) - cycle)
j - 59 sling bullets (quivered)
You shoot a sling bullet. Something hits you. Something shocks you.
* * * LOW HITPOINT WARNING * * *
5 sling bullets.
The floor.
A sky beast appears from thin air!
Reactivating autopickup.
You open the door. The sky beast hits you.
* * * LOW HITPOINT WARNING * * *
The sky beast shocks you.
* * * LOW HITPOINT WARNING * * *
The sky beast flickers out of sight!
Deactivating autopickup; reactivate with Ctrl-A.
There is an open door here.
There is a stone staircase leading up here.
A sky beast appears from thin air!
Reactivating autopickup.
The sky beast hits you.
* * * LOW HITPOINT WARNING * * *
The sky beast shocks you.
* * * LOW HITPOINT WARNING * * *
You climb upwards.
Level annotation: Eustachio
There is a stone staircase leading down here.
As you read the scroll of teleportation {@r4}, it crumbles to dust.
You feel strangely unstable. The sky beast hits you.
* * * LOW HITPOINT WARNING * * *
The sky beast shocks you.
You die...

########## #@.......#
#######Y#.####.## #
#...#...#.####..########
#.#.#.#.................
#.#.#.#.#'#####..####...
#.#.#.........##.## #...
#.#.#.........##..# ####
########.#<#.........###.#
#......#.###...........#.#


You could see a sky beast.

Vanquished Creatures
  2 phantoms (D:5)
  A centaur (D:5)
  A bullfrog (D:3)
  A howler monkey (D:5)
  A crimson imp (D:5)
  4 hounds
  A jelly (D:6)
  An orc priest (D:4)
  2 iguanas
  4 worker ants (D:5)
  A hound skeleton (D:4)
  4 gnolls
  7 adders
  3 oozes
  2 adder skeletons
  3 worms
  2 leopard geckos
  8 orcs
  A giant cockroach (D:5)
  9 goblins
  12 hobgoblins
  13 jackals
  5 quokkas
  A ball python (D:2)
  5 bats
  4 frilled lizards
  6 kobolds
  A quokka skeleton (D:4)
  A quokka zombie (D:5)
  7 rats
113 creatures vanquished.

Notes
Turn   | Place    | Note
-------+----------+-------------------------------------------
     0 | D:1      | DrakeDragon the Halfling Air Elementalist began the quest for the Orb.
     0 | D:1      | Reached XP level 1. HP: 11/11 MP: 3/3
   469 | D:1      | Reached skill level 1 in Conjurations
   469 | D:1      | Reached XP level 2. HP: 18/18 MP: 1/4
   505 | D:1      | Learned a level 2 spell: Swiftness
  1355 | D:1      | Reached XP level 3. HP: 22/22 MP: 3/5
  2124 | D:1      | Reached skill level 1 in Fighting
  2124 | D:1      | Reached skill level 1 in Charms
  2124 | D:1      | Reached XP level 4. HP: 19/28 MP: 1/6
  2650 | D:1      | Learned a level 3 spell: Static Discharge
  2712 | D:2      | Reached skill level 1 in Slings
  3095 | D:2      | Reached XP level 5. HP: 33/33 MP: 6/8
  3884 | D:3      | Found a runed gate.
  3885 | D:3      | Found a runed gate.
  3885 | D:3      | Found a runed gate.
  3886 | D:3      | Noticed HaroldButt's ghost (weakling GnWn)
  3925 | D:3      | Noticed a bullfrog
  4909 | D:4      | Reached XP level 6. HP: 3/38 MP: 0/9
  6328 | D:4      | Noticed an ogre
  6657 | D:3      | Reached XP level 7. HP: 22/45 MP: 2/10
  7100 | D:5      | Entered Level 5 of the Dungeon
  7702 | D:5      | Reached skill level 5 in Air Magic
  8187 | D:5      | Reached XP level 8. HP: 50/51 MP: 1/12
  8203 | D:5      | Noticed Eustachio
  8303 | D:5      | Reached skill level 5 in Slings
  8393 | D:5      | Learned a level 4 spell: Airstrike
  8447 | D:5      | Found Diepo's Distillery.
  8455 | D:5      | Bought 2 potions of heal wounds for 150 gold pieces
  8926 | D:5      | Slain by a sky beast

Skill      XL: |  1  2  3  4  5  6  7  8 |
---------------+-------------------------+-----
Conjurations   | 1 2 |  2.7
Fighting       | 1 2 |  2.7
Charms         | 1 2 3 |  3.2
Spellcasting   | 2 |  2.8
Slings         | 1 2 3 4 5 |  5.7
Air Magic      | 4 5 |  5.5
Dodging        | |  2.1
Stealth        | |  2.1

Action                   |  1- 3 |  4- 6 |  7- 9 || total
-------------------------+-------+-------+-------++-------
Melee: Unarmed           |     5 |       |       ||     5
       Whip              |    10 |       |       ||    10
 Fire: Hunting sling     |    24 |    53 |    51 ||   128
 Cast: Shock             |    63 |   174 |    84 ||   321
       Swiftness         |       |     3 |     1 ||     4
       Static Discharge  |       |     3 |     9 ||    12
       Airstrike         |       |       |     1 ||     1
  Use: Scroll            |     3 |     7 |     1 ||    11
       Potion            |       |     2 |       ||     2
  Eat: Chunk             |     5 |    13 |     5 ||    23
       Ration            |       |     2 |     1 ||     3
Armor: Robe              |     3 |     6 |     4 ||    13
Dodge: Dodged            |    42 |    68 |    41 ||   151
